AoeStats
← CC呀是白日梦想家

Nomad

508723710Analyzed
4v4 RM · 8d ago on Sep 23, 2026· 54m 23s· 8 players
Game mode
Random Map
Map size
231×231
Population
200
Speed
Normal
Resources
Standard
Victory
Conquest
Starting age
Dark Age
Ending age
Imperial Age
RankedLock teamsTeams togetherTeam positionsShared explorationLock speedFull tech treeHidden civsTurbo modeCheats
Victory
Defeat
🇫🇮 Bengalis · Finland
1657
+10
🇫🇮 Tatars · Finland
1646
+11
🇫🇮 Cumans · Finland
1588
+13
🇫🇮 Huns · Finland
1585
+13
🇲🇩 Celts · Moldova
1569
-13
🇺🇸 Aztecs · United States
1555
-13
🇦🇷 Hindustanis · Argentina
1506
-11
🇨🇳 Teutons · China
1465
-10
CC呀是白日梦想家
5:20 Loom
13:24 Feudal Age
14:39 Town Watch
17:31 Castle Age
16:22 Gold Mining
17:13 Double-Bit Axe
17:32 Fletching
17:40 Crossbowman
20:11 Bodkin Arrow
25:00 Bow Saw
26:20 Wheelbarrow
26:27 Padded Archer Armor
26:16 Horse Collar
27:12 Gold Shaft Mining
26:28 Stone Mining
28:14 Ballistics
28:10 Leather Archer Armor
29:46 Hand Cart
36:12 Imperial Age
35:16 Forging
35:07 Scale Mail Armor
35:02 Eagle Warrior
35:44 Squires
36:03 Heavy Plow
36:39 Stone Shaft Mining
36:13 Pikeman
38:42 Iron Casting
38:22 Chain Mail Armor
39:01 Bracer
40:03 Chemistry
38:37 Arbalester
43:42 Blast Furnace
43:13 Plate Mail Armor
47:44 Plate Mail Armor
50:44 Crop Rotation
solo rankeding
14:22 Feudal Age
14:50 Double-Bit Axe
14:46 Horse Collar
14:51 Fishing Lines
19:45 Castle Age
18:06 Gold Mining
20:12 Pikeman
21:48 Bow Saw
21:44 Gambesons
21:44 Arson
24:31 Wheelbarrow
24:35 Scale Mail Armor
24:45 Forging
26:56 Hand Cart
31:17 Ballistics
30:58 Loom
30:58 Town Watch
40:19 Imperial Age
38:25 Chain Mail Armor
38:45 Iron Casting
40:00 Stone Mining
40:22 Capped Ram
40:23 Heavy Scorpion
41:44 Plate Mail Armor
41:49 Iron Casting
40:45 Halberdier
42:38 Plate Mail Armor
42:44 Iron Casting
44:02 Siege Ram
45:49 Siege Engineers
46:16 Fletching
47:27 Blast Furnace
47:04 Bodkin Arrow
51:11 Chemistry
50:08 Murder Holes
Politox
9:02 Loom
14:35 Feudal Age
15:06 Double-Bit Axe
16:27 Horse Collar
19:00 Castle Age
17:59 Scale Barding Armor
19:12 Bloodlines
19:14 Forging
19:27 Light Cavalry
21:13 Bow Saw
21:52 Gold Mining
24:40 Fletching
25:51 Scale Mail Armor
26:21 Fishing Lines
27:31 Bodkin Arrow
28:34 Chain Mail Armor
28:25 Squires
30:29 Iron Casting
29:44 Arson
34:00 Wheelbarrow
33:15 Town Watch
34:06 Heavy Plow
33:58 Stone Mining
34:44 Gold Shaft Mining
35:46 Hand Cart
38:58 Imperial Age
39:08 Imperial Age
37:57 Stone Shaft Mining
41:21 Blast Furnace
40:45 Conscription
41:09 Hoardings
40:16 Elite Ghulam
42:06 Conscription
41:49 Bracer
43:20 Siege Engineers
44:06 Chain Barding Armor
43:48 Husbandry
43:39 Heavy Camel Rider
44:27 Grand Trunk Road
45:27 Plate Barding Armor
48:16 Masonry
47:30 Imperial Camel Rider
51:40 Ballistics
柠檬头的喜悦
4:01 Loom
12:09 Feudal Age
13:22 Town Watch
13:54 Double-Bit Axe
38:00 Castle Age
36:35 Horse Collar
39:02 Bow Saw
38:54 Heavy Plow
39:59 Wheelbarrow
30Markus
5:56 Loom
16:57 Feudal Age
18:38 Double-Bit Axe
18:48 Fishing Lines
21:25 Castle Age
20:03 Gold Mining
21:03 Fletching
22:19 Bodkin Arrow
24:54 Padded Archer Armor
28:59 Wheelbarrow
29:15 Leather Archer Armor
30:45 Bow Saw
33:20 Horse Collar
36:39 Imperial Age
34:43 Scale Barding Armor
34:46 Husbandry
35:10 Bloodlines
35:59 Gillnets
36:29 Hand Cart
36:38 Heavy Plow
36:55 Elite Battle Elephant
38:28 Chain Barding Armor
38:18 Forging
39:28 Conscription
39:18 Paiks
41:00 Plate Barding Armor
41:57 Iron Casting
41:52 Siege Elephant
54:02 Chemistry
53:22 Ballistics
53:04 Bracer
53:34 Ring Archer Armor
53:25 Elite Elephant Archer
Ee-meili
4:36 Loom
15:01 Feudal Age
16:20 Town Watch
21:26 Castle Age
21:16 Double-Bit Axe
29:51 Bow Saw
34:25 Fletching
35:52 Wheelbarrow
41:54 Imperial Age
39:49 Hand Cart
39:59 Bloodlines
39:50 Husbandry
39:56 Scale Barding Armor
39:56 Light Cavalry
40:58 Chain Barding Armor
41:04 Fishing Lines
41:51 Forging
43:09 Iron Casting
44:29 Plate Barding Armor
46:48 Gillnets
49:53 Pikeman
50:34 Squires
50:35 Scale Mail Armor
51:35 Blast Furnace
51:21 Gold Mining
51:21 Stone Mining
51:31 Halberdier
53:30 Chain Mail Armor
Pahvi0
13:44 Loom
17:03 Feudal Age
18:00 Double-Bit Axe
20:43 Castle Age
18:28 Horse Collar
18:47 Fishing Lines
19:40 Scale Barding Armor
20:40 Forging
20:41 Bloodlines
21:44 Bow Saw
22:31 Fletching
26:38 Chain Barding Armor
29:41 Husbandry
31:22 Iron Casting
31:50 Wheelbarrow
32:03 Gillnets
35:03 Imperial Age
33:41 Bodkin Arrow
34:19 Town Watch
36:28 Plate Barding Armor
37:53 Chemistry
38:41 Blast Furnace
39:51 Conscription
42:07 Ballistics
42:47 Elite Keshik
44:33 Hand Cart
48:32 Bracer
48:58 Siege Engineers
53:55 Light Cavalry
54:30 Gold Mining
54:31 Stone Mining
54:42 Heavy Plow
54:54 Silk Armor
dodo
4:56 Loom
13:31 Feudal Age
14:11 Fishing Lines
17:01 Castle Age
16:18 Fletching
17:00 Gold Mining
18:27 Medium Warships
18:06 Double-Bit Axe
18:29 Gillnets
19:42 Bodkin Arrow
21:47 Town Watch
22:48 Wheelbarrow
25:24 Bow Saw
28:46 Squires
40:35 Hand Cart
47:07 Imperial Age
48:15 Scale Mail Armor
48:25 Forging
48:38 Pikeman
49:34 Chain Mail Armor
49:26 Stone Mining
49:40 Halberdier
51:16 Iron Casting
51:14 Plate Mail Armor
54:18 Iron Casting
54:12 Scale Barding Armor
54:20 Bloodlines
53:30 Cavalier
55:12 Coinage
Connection lost

Rejoining the realm…

Still unreachable

The connection could not be restored.

Session expired

The server has moved on; the page needs a fresh start.